Map: 이페머론 - 래더

Players

DPGPartinG (PartinG) - Winner!

  • Race: Protoss Protoss
  • League: Grandmaster
  • Spawn Location: 11:00

llllllllllll (Trap)

  • Race: Protoss Protoss
  • League: Master
  • Spawn Location: 5:00

VOD

Have the link to the VOD?

Description

Time

  • Played on: Jan. 16, 2020, 4:55 a.m.
  • Length: 10:08
Show
View Real Time Build Order
Export as new Build Order

DPGPartinG Protoss - Winner!

Build Orders: Phoenix Opening, Zealot Archon 

Get SALT Encoding   

  12  0:00  Probe  
  13  0:13  Probe  
  14  0:17  Pylon  
  14  0:25  Probe (Chrono Boost)  
  15  0:36  Gateway  
  15  0:37  Probe (Chrono Boost)  
  16  0:45  Probe (Chrono Boost)  
  16  0:46  Assimilator  
  17  0:51  Probe  
  17  0:54  Assimilator  
  18  1:03  Probe (Chrono Boost)  
  19  1:11  Gateway  
  19  1:13  Probe (Chrono Boost)  
  19  1:18  Probe (Chrono Boost)  
  20  1:25  Cybernetics Core  
  21  1:29  Probe  
  22  1:36  Pylon  
  22  1:42  Probe  
  23  1:56  Pylon  
  23  1:58  Warp Gate (Chrono Boost)  
  23  2:01  Sentry, Stalker  
  27  2:05  Probe  
  28  2:25  Shield Battery  
  28  2:32  Sentry  
  28  2:36  Phoenix  
  32  2:42  Nexus  
  29  2:45  Robotics Facility  
  29  2:54  Shield Battery  
  29  2:56  Probe  
  30  3:06  Stalker  
  30  3:12  Pylon  
  32  3:13  Probe  
  33  3:28  Warp Prism (Chrono Boost)  
  33  3:30  Probe  
  36  3:43  Probe (Chrono Boost)  
  36  3:46  Stalker  
  39  3:48  Pylon  
  39  3:53  Probe (Chrono Boost)  
  41  4:00  Probe (Chrono Boost)  
  42  4:03  Probe (Chrono Boost)  
  42  4:07  Probe (Chrono Boost)  
  43  4:11  Probe, Observer  
  45  4:18  Robotics Bay  
  45  4:25  Probe x2  
  47  4:34  Adept x2  
  47  4:35  Immortal (Chrono Boost)  
  54  4:43  Probe x2  
  56  4:47  Assimilator  
  56  4:52  Pylon  
  56  4:59  Gateway  
  52  5:01  Probe x2  
  52  5:04  Disruptor (Chrono Boost)  
  57  5:13  Probe x2  
  59  5:14  Adept, Sentry  
  59  5:16  Observer  
  63  5:23  Gateway  
  63  5:30  Probe x2  
  63  5:35  Warp Prism (Chrono Boost)  
  67  5:41  Pylon  
  67  5:43  Pylon  
  68  5:50  Probe x2  
  68  5:54  Gateway  
  69  5:59  Assimilator  
  69  6:00  Twilight Council  
  69  6:05  Gateway  
  69  6:21  Probe x2  
  71  6:27  Stalker x4  
  71  6:32  Disruptor (Chrono Boost)  
  79  6:36  Pylon  
  82  6:42  Shield Battery  
  82  6:45  Charge (Chrono Boost)  
  82  6:53  Templar Archives  
  82  6:58  Probe  
  82  6:59  Probe  
  84  7:07  Nexus  
  84  7:13  Immortal (Chrono Boost)  
  84  7:15  Pylon  
  84  7:17  Pylon, Observer  
  87  7:28  Zealot x4  
  87  7:44  High Templar x2  
  87  7:46  Nexus  
  87  7:47  Pylon  
  87  7:49  High Templar  
  87  7:51  Gateway x2  
  93  7:52  Pylon  
  93  7:55  Pylon  
  93  7:56  Archon  
  93  8:06  Pylon, High Templar, Observer  
  93  8:07  Zealot x2  
  93  8:11  Archon  
  99  8:18  High Templar x2  
  103  8:22  Archon  
  103  8:23  Zealot  
  105  8:39  Zealot x3  
  108  8:45  Zealot x2  
  108  8:46  Zealot  
  100  8:52  Zealot x2  
  98  8:58  Warp Prism (Chrono Boost)  
  96  9:05  High Templar x2  
  96  9:06  High Templar, Zealot  
  96  9:07  High Templar, Zealot  
  106  9:12  Probe x2  
  106  9:14  Archon  
  108  9:18  Zealot  
  108  9:19  Zealot  
  112  9:26  Archon  
  112  9:27  Zealot  
  112  9:30  Observer (Chrono Boost)  
  115  9:32  Zealot  
  115  9:37  Zealot  
  115  9:38  Zealot  
  121  9:41  High Templar  
  121  9:42  High Templar  
  121  9:43  Zealot  
  111  9:57  Zealot x3  
  109  10:00  Zealot x2  
  109  10:04  Archon  
  103  10:07  Zealot  
Show
View Real Time Build Order
Export as new Build Order

llllllllllll Protoss 

Build Orders: Zealot Archon 

Get SALT Encoding   

  12  0:00  Probe  
  13  0:12  Probe  
  14  0:17  Pylon  
  14  0:24  Probe (Chrono Boost)  
  15  0:37  Probe (Chrono Boost), Gateway  
  16  0:45  Probe (Chrono Boost)  
  16  0:46  Assimilator  
  17  0:51  Probe  
  17  0:54  Assimilator  
  18  1:03  Probe (Chrono Boost)  
  19  1:08  Gateway  
  19  1:13  Probe (Chrono Boost)  
  19  1:18  Probe (Chrono Boost)  
  20  1:24  Cybernetics Core  
  21  1:29  Probe  
  22  1:36  Pylon  
  22  1:41  Probe  
  23  1:54  Probe  
  23  2:00  Stalker x2  
  28  2:02  Warp Gate  
  28  2:15  Pylon  
  28  2:30  Stalker  
  28  2:32  Stalker  
  31  2:45  Probe  
  32  2:56  Nexus  
  32  3:00  Probe  
  35  3:05  Sentry  
  35  3:07  Sentry  
  35  3:12  Probe  
  38  3:16  Pylon  
  38  3:26  Robotics Facility  
  38  3:28  Probe (Chrono Boost)  
  39  3:40  Probe (Chrono Boost)  
  40  3:47  Probe (Chrono Boost)  
  41  3:50  Adept x2  
  41  3:55  Probe  
  46  3:58  Forge  
  46  4:07  Probe (Chrono Boost)  
  46  4:09  Probe (Chrono Boost)  
  49  4:17  Probe (Chrono Boost)  
  49  4:18  Probe (Chrono Boost)  
  49  4:22  Probe (Chrono Boost)  
  49  4:23  Probe (Chrono Boost)  
  50  4:29  Protoss Ground Weapons Level 1 (Chrono Boost)  
  56  4:36  Stalker x2  
  56  4:38  Probe x2  
  58  4:42  Pylon  
  58  4:49  Assimilator  
  58  4:51  Assimilator  
  58  4:52  Probe x2  
  60  5:01  Immortal (Chrono Boost)  
  60  5:05  Twilight Council  
  66  5:16  Stargate  
  64  5:21  Shield Battery  
  64  5:23  Gateway  
  64  5:24  Shield Battery  
  64  5:35  Gateway  
  64  5:37  Immortal (Chrono Boost)  
  64  5:39  Pylon  
  64  5:40  Pylon  
  68  5:43  Shield Battery  
  68  5:46  Sentry  
  68  5:47  Charge  
  70  6:05  Probe x2, Warp Prism (Chrono Boost)  
  70  6:06  Stargate  
  74  6:18  Probe x2  
  71  6:25  Protoss Ground Weapons Level 2 (Chrono Boost)  
  71  6:29  Templar Archives  
  71  6:30  Probe x2  
  73  6:38  Nexus  
  73  6:50  Gateway x2  
  73  6:52  Phoenix (Chrono Boost)  
  75  7:08  Gateway  
  75  7:09  Gateway  
  75  7:11  Pylon  
  75  7:13  Phoenix (Chrono Boost)  
  77  7:32  Phoenix (Chrono Boost)  
  79  7:43  Pylon  
  79  7:44  Pylon  
  79  7:46  Observer  
  79  7:47  High Templar x2  
  79  7:48  Zealot x4  
  79  7:49  Phoenix (Chrono Boost)  
  79  7:51  Probe x2  
  96  7:52  Probe  
  96  7:53  Archon  
  97  7:59  Photon Cannon  
  97  8:09  Pylon  
  97  8:12  High Templar  
  97  8:13  High Templar, Zealot x3  
  97  8:17  Archon  
  107  8:20  Zealot x2  
  107  8:22  Zealot  
  107  8:23  Observer  
  100  8:45  Zealot  
  100  8:46  Zealot x7  
  78  9:11  High Templar x2  
  78  9:12  Zealot x4  
  78  9:15  High Templar x2  
  78  9:16  Archon  
  92  9:20  Archon  
  92  9:24  Immortal  
  92  9:29  Zealot  
  98  9:32  Probe x3  
  98  9:34  Zealot x3  
  98  9:37  Assimilator  
  107  9:39  Assimilator, Zealot x2  
  107  9:44  Zealot x2  
  81  10:00  Zealot x5  
  81  10:01  Zealot  
Tags
 
Add a new tag
Caveats
  • Supply blocks, unpowered buildings, or Contaminate may cause inaccurate times.
  • Supply counts are checked every 10 seconds.